 Dungeon Crawl Stone Soup version 0.27.1 (webtiles) character file.

Game seed: 2435625869191442009

1134 H0rd4k the Summoner (level 8, 0/53 HPs)
             Began as a Barachi Summoner on Aug 27, 2021.
             Was an Initiate of Qazlal.
             Slain by Duvessa (11 damage)
             ... on level 7 of the Dungeon.
             The game lasted 00:16:04 (9142 turns).

H0rd4k the Summoner (Barachi Summoner)              Turns: 9142, Time: 00:16:05

Health: 0/53       AC:  2    Str: 10    XL:     8   Next: 36%
Magic:  14/17      EV: 12    Int: 17    God:    Qazlal [......]
Gold:   445        SH:  0    Dex: 13    Spells: 10/20 levels left

rFire    . . .     SeeInvis .   n - +1 short sword (speed)
rCold    . . .     Faith    .   (no shield)
rNeg     + . .     Spirit   .   a - +0 robe
rPois    .         Reflect  .   (no helmet)
rElec    .         Harm     .   (no cloak)
rCorr    .         Rampage  .   (no gloves)
Will     +....                  (no boots)
Stlth    ++........             (no amulet)
HPRegen  0.17/turn              b - ring of positive energy
MPRegen  0.15/turn              j - ring of willpower

@: unable to hop, slow
A: amphibious, slowness 1, strong legs 1, +LOS
a: Hop, Renounce Religion


You were on level 7 of the Dungeon.
You worshipped Qazlal.
Qazlal was noncommittal.
You visited 2 branches of the dungeon, and saw 8 of its levels.

You collected 445 gold pieces.

Inventory:

Hand Weapons
 n - a +1 short sword of speed (weapon)
Missiles
 l - 60 poisoned darts
Armour
 a - a +0 robe (worn)
Magical Staves
 f - a staff of cold
Jewellery
 b - a ring of positive energy (left hand)
 j - a ring of willpower (right hand)
 r - a ring of flight
Wands
 s - a wand of flame (9)
 t - a wand of digging (4)
Scrolls
 c - 2 scrolls of teleportation {unknown}
 d - 2 scrolls of noise {unknown}
 h - a scroll of blinking {unknown}
 i - a scroll of identify {unknown}
 k - 2 scrolls of amnesia {unknown}
 m - a scroll of fear {unknown}
 q - a scroll of immolation {unknown}
 u - a scroll of magic mapping {unknown}
Potions
 e - 2 potions of degeneration {unknown}
 g - 3 potions of curing
 o - 2 potions of heal wounds {unknown}
 p - a potion of berserk rage {unknown}


   Skills:
 + Level 0.3 Fighting
 + Level 2.3 Dodging
 - Level 1.7 Stealth
 * Level 6.6 Spellcasting
 + Level 0.2 Hexes
 * Level 9.7 Summonings
 + Level 1.3 Fire Magic


You had 10 spell levels left.
You knew the following spells:

 Your Spells              Type           Power      Damage    Failure   Level
a - Summon Small Mammal   Summ           100%       N/A       1%          1
b - Call Canine Familiar  Summ           38%        N/A       1%          3
c - Conjure Flame         Conj/Fire      7%         6-21      26%         3
d - Summon Guardian Gole  Hex/Summ       22%        N/A       4%          3

Your spell library contained the following spells:

 Spells                   Type           Power      Damage    Failure   Level
 Call Imp                 Summ           38%        N/A       1%          2
 Summon Lightning Spire   Summ/Air       22%        N/A       16%         4
 Ignite Poison            Fire/Tmut/Pois 7%         N/A       30%         3
 Sticky Flame             Conj/Fire      7%         2d3       65%         4


Dungeon Overview and Level Annotations

Branches:
Dungeon (7/15)             Temple (1/1) D:6

Altars:
Ashenzari
Cheibriados
Dithmenos
Elyvilon
Makhleb
Nemelex Xobeh
Qazlal
Ru
Uskayaw
Wu Jian
Xom
The Shining One

Annotations:
D:3 exclusion: downstairs
D:5 exclusion: downstairs
D:6 exclusion: 2 downstairs
D:7 Duvessa


Innate Abilities, Weirdness & Mutations

You are amphibious.
You cover ground slowly.
You can hop short distances.
You have an extended range of vision and can be seen from far away.


Message History

Your wolf barely misses Dowan.
Your wolf misses Dowan. Your quokka misses Dowan.
Dowan gestures at your quokka while chanting.
The puff of frost hits your quokka.
Your wolf misses Dowan.
Your quokka completely misses Dowan.
Your wolf barely misses Dowan.
Dowan points at your quokka and mumbles some strange words.
The puff of flame hits your quokka!
Your quokka dies!
Your quokka's corpse disappears in a puff of smoke!
Your wolf bites Dowan.
Dowan dies!
Qazlal accepts your kill.
You hear a distant scream of rage.
Duvessa, Sister of Dowan comes into view.
She is wielding a +0 short sword.
Items here: ) / [ †.
Duvessa goes berserk!
Duvessa rages.
Hop to where?
Press: ? - help, Dir - move target Boing!
Duvessa barely misses you.
Things that are here:
a +0 whip; a +0 dagger
Casting: Summon Small Mammal (safe; 1% risk of failure)
Confirm with . or Enter, or press ? or * to list all spells.
Duvessa hits you with a +0 short sword!!
Duvessa hits you with a +0 short sword!
* * * LOW HITPOINT WARNING * * *
Your wolf bites Duvessa but does no damage.
You see here a +0 whip.
Okay, then.
Unknown command.
Okay, then.
Unknown command.
Okay, then.
Okay, then.
Unknown command.
You swap places.
Duvessa hits you with a +0 short sword!
You die...

#.#........).#
######.#..........#
#...............###
#...............#
#...............#
#...............#
#..............h########>#
#..............)er.......#
######...#######@#########
###.# #.# #.# #.# #. #.# #
#.# #.# #.# #.# #.#


You could see Duvessa (berserk, ally target), a friendly wolf (summoned) and a
friendly rat (summoned).

Vanquished Creatures
  A steam dragon (D:6)
  A kobold (D:7)
2 creatures vanquished.

Vanquished Creatures (collateral kills)
  Pikel (D:5)
  Prince Ribbit (D:6)
  A steam dragon (D:7)
  An ice beast (D:5)
  3 lemures
  A phantom (D:4)
  2 kobold brigands
  3 scorpions
  Dowan (D:7)
  A centaur zombie (D:5)
  5 hounds
  A bullfrog skeleton (D:5)
  A bullfrog zombie (D:5)
  2 orc priests
  A scorpion zombie (D:5)
  Jessica (D:2)
  3 iguanas (D:5)
  7 orc wizards
  7 adders
  2 white imps
  An adder skeleton (D:5)
  A worm (D:2)
  A dart slug (D:2)
  12 orcs
  2 bats
  5 endoplasms
  A giant cockroach (D:1)
  4 goblins
  6 hobgoblins
  7 jackals
  A quokka (D:1)
  5 ball pythons
  7 frilled lizards
  10 kobolds
  6 rats
114 creatures vanquished.

Vanquished Creatures (others)
  11 plants (D:4)
11 creatures vanquished.

Grand Total: 127 creatures vanquished

Notes
Turn   | Place    | Note
-------+----------+-------------------------------------------
     0 | D:1      | H0rd4k the Barachi Summoner began the quest for the Orb.
     0 | D:1      | Reached XP level 1. HP: 13/13 MP: 3/3
    26 | D:1      | Reached skill level 5 in Summonings
   321 | D:1      | Reached XP level 2. HP: 19/19 MP: 0/5
  1233 | D:2      | Noticed Jessica
  1245 | D:2      | Killed Jessica
  1246 | D:2      | Reached XP level 3. HP: 24/24 MP: 2/7
  1250 | D:2      | Learned a level 3 spell: Call Canine Familiar
  1254 | D:2      | Learned a level 3 spell: Conjure Flame
  2641 | D:3      | Reached XP level 4. HP: 30/30 MP: 4/9
  3550 | D:4      | Noticed a kobold brigand
  3572 | D:4      | Killed a kobold brigand
  3573 | D:4      | Reached skill level 6 in Summonings
  3573 | D:4      | Reached XP level 5. HP: 17/35 MP: 4/11
  4212 | D:4      | Noticed a phantom
  4263 | D:4      | Killed a phantom
  4542 | D:4      | Reached XP level 6. HP: 22/41 MP: 7/13
  4893 | D:5      | Entered Level 5 of the Dungeon
  4906 | D:5      | Learned a level 3 spell: Summon Guardian Golem
  5028 | D:5      | Reached skill level 7 in Summonings
  5467 | D:5      | Noticed an ice beast
  5484 | D:5      | Killed an ice beast
  5711 | D:5      | Noticed Pikel
  6218 | D:5      | Killed Pikel
  6219 | D:5      | Reached skill level 5 in Spellcasting
  6219 | D:5      | Reached skill level 8 in Summonings
  6219 | D:5      | Reached XP level 7. HP: 36/46 MP: 1/15
  6834 | D:6      | Noticed a steam dragon
  6888 | D:6      | Noticed Prince Ribbit
  6920 | D:6      | Killed Prince Ribbit
  6921 | D:6      | Reached skill level 9 in Summonings
  7067 | D:6      | Reached skill level 1 in Fire Magic
  7074 | D:6      | Reached XP level 8. HP: 52/52 MP: 11/17
  7580 | D:6      | Found a staircase to the Ecumenical Temple.
  7695 | Temple   | Entered the Ecumenical Temple
  7779 | Temple   | Became a worshipper of Qazlal Stormbringer
  7987 | D:7      | HP: 1/53 [centaur/arrow (11)]
  9114 | D:7      | Noticed Dowan
  9129 | D:7      | Killed Dowan
  9133 | D:7      | Noticed Duvessa
  9142 | D:7      | Slain by Duvessa

Illustrated notes

Levels and vault maps discovered:
D:1:      onia_arrival_pyramid, layout_loops_ring,
          chequers_serial_rivers_micro_e, chequers_serial_rivers_room_b
D:2:      layout_loops_corners, minmay_misc_feat_nine_boxes, uniq_jessica
D:3:      layout_basic
D:4:      layout_basic, kennysheep_nub, hex_medium, lexackson_kobold_supper
D:5:      layout_rooms, chequers_serial_rivers_micro_b,
          kennysheep_generic_room_11, uniq_pikel
D:6:      layout_rooms, temple_green, uniq_prince_ribbit1
D:7:      layout_basic, grunt_ministairs_11, uniq_duvessa
Temple:   eino_temple_scatter_basement

Skill      XL: |  1  2  3  4  5  6  7 |
---------------+----------------------+-----
Summonings     | 5 6 8 9 |  9.7
Spellcasting   | 3 4 5 6 |  6.6
Fire Magic     | 1 |  1.3
Fighting       | |  0.3
Dodging        | |  2.3
Stealth        | |  1.7
Hexes          | |  0.2

Action                   |  1- 3 |  4- 6 |  7- 9 || total
-------------------------+-------+-------+-------++-------
Melee: Unarmed           |    27 |       |       ||    27
       Short sword       |       |       |    15 ||    15
 Cast: Summon Small Mamm |    90 |    88 |    47 ||   225
       Call Canine Famil |     7 |    45 |    18 ||    70
       Summon Guardian G |       |     5 |       ||     5
       Conjure Flame     |       |       |     1 ||     1
 Abil: Hop               |       |     1 |     1 ||     2
  Use: Potion            |     1 |       |     1 ||     2
Armor: Robe              |    14 |    11 |     7 ||    32
Dodge: Dodged            |    46 |    56 |    34 ||   136
